 Dungeon Crawl Stone Soup version 0.25.0-37-gb73750e0fb (webtiles) character file.

Game seed: 7454944453539149802

527 Ethylacetat the Poker (level 7, 0/49 HPs)
             Began as an Octopode Gladiator on July 9, 2020.
             Slain by an ice beast (14 damage)
             ... on level 5 of the Dungeon.
             The game lasted 00:04:53 (3888 turns).

Ethylacetat the Poker (Octopode Gladiator)          Turns: 3888, Time: 00:04:54

Health: 0/49       AC:  1    Str: 15    XL:     7   Next: 23%
Magic:  7/7        EV: 14    Int: 11    God:
Gold:   248        SH:  0    Dex: 13    Spells: 6/6 levels left

rFire    . . .     SeeInvis +   a - +0 trident
rCold    . . .     Gourm    .   (no shield)
rNeg     . . .     Faith    .   b - +0 hat
rPois    .         Spirit   .   (no amulet)
rElec    .         Reflect  .   e - ring of see invisible
rCorr    .         Harm     .   (no ring)
MR       .....                  (no ring)
Stlth    ++........             (no ring)
HPRegen  0.16/turn              (no ring)
MPRegen  0.10/turn              (no ring)
                                (no ring)
                                (no ring)

@: no status effects
A: almost no armour, stealthy swim, amphibious, 8 rings, constrict 8, camouflage
1, gelatinous body 1
a: no special abilities


You were on level 5 of the Dungeon.
You were not hungry.

You visited 1 branch of the dungeon, and saw 5 of its levels.

You collected 248 gold pieces.

Inventory:

Hand Weapons
 a - a +0 trident (weapon)
Missiles
 c - 3 throwing nets (quivered)
Armour
 b - a +0 hat (worn)
Jewellery
 e - a ring of see invisible (left tentacle)
Wands
 q - a wand of digging (2)
 r - a wand of paralysis (9)
 x - a wand of clouds (3)
Scrolls
 i - a scroll of enchant weapon {unknown}
 k - a scroll of enchant armour {unknown}
 o - a scroll of fear {unknown}
 p - a scroll of fog {unknown}
 s - a scroll of remove curse {unknown}
 v - a scroll of identify {unknown}
 w - 2 scrolls of teleportation {unknown}
Potions
 f - 3 potions of heal wounds {unknown}
 g - 2 potions of haste {unknown}
 h - a potion of might {unknown}
 j - a potion of degeneration {unknown}
 l - a potion of stabbing {unknown}
 m - a potion of magic {unknown}
 n - a potion of flight {unknown}
 t - a potion of ambrosia {unknown}
Comestibles
 d - 3 rations
 u - 3 chunks of flesh


   Skills:
 + Level 4.6 Fighting
 * Level 6.8 Polearms
 - Level 2.0 Throwing
 - Level 3.0 Dodging


You had 6 spell levels left.
You didn't know any spells.
Your spell library contained the following spells:

 Spells                   Type           Power        Failure   Level  Hunger
 Confusing Touch          Hex            #.......     71%         3    ####...
 Gell's Gravitas          Tloc           #.........   71%         3    ####...
 Petrify                  Tmut/Erth      #.......     98%         4    #####..
 Metabolic Englaciation   Hex/Ice        #.........   100%        5    ######.
 Yara's Violent Unravell  Hex/Tmut       #.........   100%        5    ######.


Dungeon Overview and Level Annotations

Branches:
Dungeon (5/15)
 Temple: D:4-7

Altars:
Dithmenos
Kikubaaqudgha
Xom
The Shining One


Innate Abilities, Weirdness & Mutations

You cannot wear most types of armour.
You are very stealthy in the water. (Stealth+)
You are amphibious.
You can wear up to eight rings at the same time.
You can use your tentacles to constrict eight enemies at once.
Your skin changes colour to match your surroundings (Stealth+).
Your rubbery body absorbs attacks. (AC +1, EV +1)


Message History

The ice beast is moderately wounded.
The ice beast closely misses you.
You barely miss the ice beast.
The ice beast is moderately wounded.
The ice beast hits you. The ice beast freezes you!
You are too injured to fight recklessly!
You are too injured to fight recklessly!
An ice beast is nearby!
You are too injured to fight recklessly!
You are too injured to fight recklessly!
You are too injured to fight recklessly!
You puncture the ice beast! You squeeze the ice beast.
The ice beast is severely wounded.
The ice beast hits you. The ice beast freezes you.
You hit the ice beast.
The ice beast is almost dead.
The ice beast hits you.
* * * LOW HITPOINT WARNING * * *
The ice beast freezes you!
You die...

## ######
#.#######....#####...
+............@Y......
##..##.......###...##
#..##.....### .#
#..##.....#
#..##.....#
#..##.....#
#####..##.....#
.......##.....#
######.#########


You could see an ice beast.

Vanquished Creatures
  An ogre (D:4)
  A scorpion (D:4)
  A centaur zombie (D:5)
  3 hounds (D:4)
  2 orc wizards (D:4)
  An iguana (D:5)
  2 worker ants (D:4)
  4 adders
  A shadow imp (D:5)
  2 oozes
  3 worms
  A dart slug (D:5)
  3 leopard geckos
  4 orcs (D:4)
  7 bats
  3 giant cockroaches
  5 goblins
  8 hobgoblins
  7 jackals
  7 kobolds
  A quokka (D:3)
  A ball python (D:4)
  5 frilled lizards
  2 jackal skeletons (D:4)
  A leopard gecko skeleton (D:4)
  11 rats
87 creatures vanquished.

Notes
Turn   | Place    | Note
-------+----------+-------------------------------------------
     0 | D:1      | Ethylacetat the Octopode Gladiator began the quest for the
                  | Orb.
     0 | D:1      | Reached XP level 1. HP: 14/14 MP: 1/1
    92 | D:1      | Reached XP level 2. HP: 17/19 MP: 2/2
   332 | D:1      | Reached XP level 3. HP: 25/25 MP: 3/3
   407 | D:1      | You fall into a shaft and drop 1 floor!
   483 | D:2      | Reached skill level 4 in Polearms
   570 | D:2      | Found a shadowy altar of Dithmenos.
   929 | D:2      | Reached XP level 4. HP: 27/30 MP: 4/4
  1308 | D:3      | Found an ancient bone altar of Kikubaaqudgha.
  1318 | D:3      | Found a glowing golden altar of the Shining One.
  2224 | D:4      | Reached skill level 5 in Polearms
  2224 | D:4      | Reached XP level 5. HP: 27/36 MP: 5/5
  2643 | D:4      | Reached XP level 6. HP: 27/43 MP: 6/6
  2856 | D:4      | Found a shimmering altar of Xom.
  3114 | D:4      | Reached skill level 6 in Polearms
  3345 | D:4      | Reached XP level 7. HP: 49/49 MP: 7/7
  3474 | D:5      | Entered Level 5 of the Dungeon
  3888 | D:5      | Slain by an ice beast

Illustrated notes

Levels and vault maps discovered:
D:1:      nzn_arrival_water_spiral, layout_basic
D:2:      layout_basic, grunt_dithmenos_smoke_and_mirrors
D:3:      layout_loops_ring, amethyst_overflow_temple_binary
D:4:      layout_basic, kennysheep_mini_moat, first_ration,
          hangedman_decor_growths
D:5:      layout_basic, minmay_temple_entry_antechambers, uniq_pikel

Skill      XL: |  1  2  3  4  5  6 |
---------------+-------------------+-----
Polearms       | 4 5 6 |  6.8
Fighting       | 3 4 |  4.6
Throwing       | |  2.0
Dodging        | |  3.0

Action                   |  1- 3 |  4- 6 |  7- 9 || total
-------------------------+-------+-------+-------++-------
Melee: Trident           |    78 |   108 |    25 ||   211
       Constrict         |    13 |    21 |     4 ||    38
       Tentacles         |    14 |    22 |     6 ||    42
 Stab: Sleeping          |     5 |     7 |     1 ||    13
  Eat: Chunk             |       |     8 |     1 ||     9
Armor: Skin              |     4 |     2 |       ||     6
Dodge: Dodged            |    33 |    45 |     6 ||    84
